General information
- name: BNet
- type: Ladder team game (AT/RT)
- host: Battle.net
- saver: WesFSTGDB
map: GolemsInTheMist
- players: 8
- length: 27:05
- speed: Fast
- version: 1.26 W3XP
- replay type: Public
» download(217 KB)
Players
team 1 (winner)
WesFSTGDB (
red | 113 APM | 3054 actions | 27:05)
7 Death Knight
3 Death Coil
3 Unholy Aura
1 Animate Dead
6 Lich
3 Frost Nova
2 Frost Armor
1 Death and Decay
» actions
| Assign group hotkey | 29 | |
| Basic commands | 816 | |
| Build / train | 78 | |
| ESC pressed | 1 | |
| Enter build submenu | 21 | |
| Enter hero's abilities submenu | 13 | |
| Give item / drop item | 2 | |
| Right click | 983 | |
| Select / deselect | 475 | |
| Select group hotkey | 523 | |
| Use ability | 112 | |
3054 total
» units
| Acolyte | 2 | |
| Ghoul | 2 | |
| Crypt Fiend | 9 | |
| Obsidian Statue | 8 | |
| Frost Wyrm | 7 | |
28 total
» upgrades
| Creature Attack | 3 | |
| Creature Carapace | 3 | |
| Web | 1 | |
| Destroyer Form | 1 | |
| Ghoul Frenzy | 1 | |
9 total
» buildings
| Graveyard | 1 | |
| Crypt | 1 | |
| Ziggurat | 10 | |
| Altar of Darkness | 1 | |
| Nerubian Tower | 1 | |
| Tomb of Relics | 1 | |
| Halls of the Dead | 2 | |
| Black Citadel | 2 | |
| Sacrificial Pit | 1 | |
| Slaughterhouse | 1 | |
| Boneyard | 2 | |
| Necropolis | 1 | |
24 total
» build order
00:14 Graveyard
00:19 Crypt
00:25 Ziggurat
00:46 Ziggurat
01:06 Altar of Darkness
01:22 Nerubian Tower
01:27 Tomb of Relics
02:14 Halls of the Dead
02:42 Ziggurat
03:48 Ziggurat
04:36 Black Citadel
04:39 Sacrificial Pit
04:40 Slaughterhouse
07:10 Boneyard
07:11 Boneyard
07:44 Ziggurat
07:46 Ziggurat
07:46 Ziggurat
07:48 Ziggurat
18:30 Ziggurat
18:31 Ziggurat
25:15 Necropolis
» items
| Rod of Necromancy | 3 | |
| Dust of Appearance | 1 | |
| Orb of Corruption | 1 | |
| Potion of Healing | 1 | |
| Scroll of Town Portal | 2 | |
| Scroll of Healing | 1 | |
9 total

»
DilmaCanhao (
green | 88 APM | 2374 actions | 27:04)
6 Death Knight
3 Death Coil
3 Unholy Aura
» actions
| Assign group hotkey | 30 | |
| Basic commands | 187 | |
| Build / train | 59 | |
| Enter build submenu | 16 | |
| Enter hero's abilities submenu | 7 | |
| Give item / drop item | 1 | |
| Remove unit from queue | 3 | |
| Right click | 831 | |
| Select / deselect | 397 | |
| Select group hotkey | 754 | |
| Use ability | 89 | |
2374 total
» units
| Acolyte | 3 | |
| Ghoul | 2 | |
| Crypt Fiend | 10 | |
| Goblin Shredder | 3 | |
| Meatwagon | 4 | |
| Abomination | 2 | |
24 total
» upgrades
| Creature Attack | 2 | |
| Creature Carapace | 1 | |
| Burrow | 1 | |
| Web | 1 | |
| Unholy Strength | 3 | |
| Disease Cloud | 1 | |
9 total
» buildings
| Ziggurat | 6 | |
| Crypt | 3 | |
| Altar of Darkness | 2 | |
| Graveyard | 1 | |
| Tomb of Relics | 1 | |
| Nerubian Tower | 2 | |
| Halls of the Dead | 1 | |
| Black Citadel | 1 | |
| Slaughterhouse | 1 | |
| Spirit Tower | 3 | |
21 total
» build order
00:10 Ziggurat
00:14 Crypt
00:21 Altar of Darkness
00:51 Graveyard
01:04 Tomb of Relics
01:14 Nerubian Tower
01:42 Ziggurat
03:51 Ziggurat
05:44 Halls of the Dead
06:18 Ziggurat
08:06 Black Citadel
08:36 Slaughterhouse
08:57 Spirit Tower
09:09 Spirit Tower
09:28 Crypt
10:04 Altar of Darkness
12:55 Crypt
15:49 Ziggurat
16:46 Nerubian Tower
16:47 Ziggurat
17:43 Spirit Tower
» items
| Rod of Necromancy | 2 | |
| Sacrificial Skull | 2 | |
| Scroll of Town Portal | 2 | |
| Potion of Healing | 3 | |
9 total

»
georgetakei (
teal | 62 APM | 1686 actions | 27:04)
3 Demon Hunter
2 Mana Burn
1 Evasion
» actions
| Assign group hotkey | 7 | |
| Build / train | 106 | |
| Enter build submenu | 15 | |
| Enter hero's abilities submenu | 3 | |
| Remove unit from queue | 8 | |
| Right click | 999 | |
| Select / deselect | 435 | |
| Select group hotkey | 22 | |
| Use ability | 91 | |
1686 total
» units
| Wisp | 67 | |
| Goblin Sapper | 5 | |
| Druid of the Talon | 13 | |
| Hippogryph | 1 | |
86 total
» upgrades
| Druid of the Talon Training | 2 | |
| Nature's Blessing | 1 | |
| Mark of the Talon | 1 | |
4 total
» buildings
| Altar of Elders | 1 | |
| Moon Well | 5 | |
| Tree of Life | 6 | |
| Tree of Ages | 1 | |
| Ancient of Wind | 3 | |
| Tree of Eternity | 1 | |
17 total
» build order
00:14 Altar of Elders
00:27 Moon Well
06:12 Tree of Life
10:48 Tree of Life
12:28 Moon Well
14:19 Tree of Ages
16:15 Tree of Life
16:39 Tree of Life
16:45 Ancient of Wind
16:46 Ancient of Wind
16:47 Ancient of Wind
17:26 Moon Well
17:28 Moon Well
19:35 Moon Well
19:50 Tree of Life
21:54 Tree of Eternity
25:23 Tree of Life
Liko (
orange | 68 APM | 1832 actions | 27:04)
7 Death Knight
3 Death Coil
3 Unholy Aura
1 Animate Dead
» actions
| Assign group hotkey | 30 | |
| Basic commands | 59 | |
| Build / train | 80 | |
| ESC pressed | 3 | |
| Enter build submenu | 29 | |
| Enter hero's abilities submenu | 7 | |
| Give item / drop item | 2 | |
| Right click | 699 | |
| Select / deselect | 301 | |
| Select group hotkey | 506 | |
| Use ability | 116 | |
1832 total
» units
| Acolyte | 13 | |
| Ghoul | 3 | |
| Crypt Fiend | 4 | |
| Frost Wyrm | 10 | |
| Goblin Zeppelin | 1 | |
| Goblin Sapper | 5 | |
36 total
» upgrades
| Burrow | 2 | |
| Creature Carapace | 1 | |
3 total
» buildings
| Graveyard | 1 | |
| Crypt | 1 | |
| Altar of Darkness | 2 | |
| Ziggurat | 9 | |
| Tomb of Relics | 2 | |
| Halls of the Dead | 4 | |
| Necropolis | 2 | |
| Black Citadel | 1 | |
| Sacrificial Pit | 1 | |
| Nerubian Tower | 4 | |
| Boneyard | 2 | |
29 total
» build order
00:09 Graveyard
00:16 Crypt
00:23 Altar of Darkness
00:54 Ziggurat
01:09 Tomb of Relics
01:57 Ziggurat
03:23 Halls of the Dead
03:23 Halls of the Dead
03:23 Halls of the Dead
04:32 Necropolis
05:23 Ziggurat
05:55 Black Citadel
06:59 Sacrificial Pit
07:32 Ziggurat
07:36 Tomb of Relics
07:38 Nerubian Tower
08:16 Boneyard
08:18 Boneyard
08:24 Ziggurat
08:26 Nerubian Tower
16:58 Ziggurat
17:00 Ziggurat
18:05 Ziggurat
19:48 Halls of the Dead
21:53 Necropolis
22:49 Altar of Darkness
22:51 Nerubian Tower
22:54 Nerubian Tower
24:28 Ziggurat
» items
| Rod of Necromancy | 3 | |
| Sacrificial Skull | 3 | |
| Scroll of Town Portal | 3 | |
| Potion of Healing | 5 | |
| Orb of Corruption | 1 | |
| Potion of Mana | 4 | |
| Scroll of Healing | 4 | |
23 total
team 2 (loser)

»
MovieScenes (
purple | 103 APM | 543 actions | 05:17)
2 Death Knight
1 Death Coil
1 Unholy Aura
» actions
| Assign group hotkey | 38 | |
| Basic commands | 20 | |
| Build / train | 18 | |
| Enter build submenu | 9 | |
| Enter hero's abilities submenu | 2 | |
| Give item / drop item | 1 | |
| Right click | 232 | |
| Select / deselect | 64 | |
| Select group hotkey | 139 | |
| Use ability | 20 | |
543 total
» units
| Acolyte | 2 | |
| Ghoul | 1 | |
| Crypt Fiend | 9 | |
12 total
» buildings
| Crypt | 2 | |
| Graveyard | 1 | |
| Altar of Darkness | 1 | |
| Ziggurat | 3 | |
| Tomb of Relics | 1 | |
8 total
» build order
00:11 Crypt
00:15 Graveyard
00:32 Altar of Darkness
00:49 Ziggurat
01:19 Tomb of Relics
01:59 Ziggurat
03:29 Ziggurat
03:50 Crypt
» items
| Rod of Necromancy | 2 | |
| Sacrificial Skull | 1 | |
3 total

»
idc (
yellow | 131 APM | 2900 actions | 22:06)
6 Tauren Chieftain
2 War Stomp
3 Endurance Aura
1 Reincarnation
4 Death Knight
2 Death Coil
1 Unholy Aura
1 Animate Dead
2 Shadow Hunter
1 Hex
1 Healing Wave
» actions
| Assign group hotkey | 53 | |
| Basic commands | 69 | |
| Build / train | 109 | |
| ESC pressed | 1 | |
| Enter build submenu | 27 | |
| Enter hero's abilities submenu | 12 | |
| Remove unit from queue | 1 | |
| Right click | 1164 | |
| Select / deselect | 616 | |
| Select group hotkey | 744 | |
| Use ability | 104 | |
2900 total
» units
| Peon | 8 | |
| Troll Headhunter/Berserker | 22 | |
| Crypt Fiend | 1 | |
| Ghoul | 2 | |
| Acolyte | 2 | |
| Frost Wyrm | 4 | |
| Troll Witch Doctor | 4 | |
| Shaman | 6 | |
49 total
» upgrades
| Ranged Weapons | 3 | |
| Creature Attack | 1 | |
| Armor | 3 | |
| Creature Carapace | 2 | |
| Troll Regeneration | 1 | |
| Witch Doctor Training | 2 | |
| Web | 1 | |
| Berserker Upgrade | 1 | |
| Shaman Training | 2 | |
| Reinforced Defenses | 1 | |
| Freezing Breath | 1 | |
18 total
» buildings
| War Mill | 1 | |
| Barracks | 2 | |
| Orc Burrow | 7 | |
| Altar of Storms | 1 | |
| Voodoo Lounge | 2 | |
| Stronghold | 1 | |
| Halls of the Dead | 4 | |
| Ziggurat | 5 | |
| Black Citadel | 1 | |
| Fortress | 1 | |
| Spirit Lodge | 2 | |
| Sacrificial Pit | 1 | |
| Boneyard | 3 | |
31 total
» build order
00:15 War Mill
00:39 Barracks
00:55 Orc Burrow
01:24 Altar of Storms
01:45 Orc Burrow
02:25 Voodoo Lounge
02:53 Orc Burrow
03:26 Barracks
05:40 Stronghold
06:14 Halls of the Dead
06:14 Halls of the Dead
06:41 Ziggurat
06:43 Ziggurat
08:01 Ziggurat
08:03 Ziggurat
08:38 Black Citadel
08:47 Fortress
08:49 Spirit Lodge
10:18 Orc Burrow
10:21 Orc Burrow
10:29 Sacrificial Pit
11:28 Boneyard
11:30 Boneyard
13:00 Spirit Lodge
13:06 Orc Burrow
13:08 Orc Burrow
13:28 Boneyard
17:12 Ziggurat
20:57 Voodoo Lounge
» items
| Healing Salve | 6 | |
| Scroll of Speed | 1 | |
| Lesser Clarity Potion | 1 | |
| Scroll of Town Portal | 1 | |
| Orb of Lightning | 2 | |
11 total
Chaldro (
pink | 44 APM | 989 actions | 22:26)
3 Keeper of the Grove
2 Entangling Roots
1 Thorns Aura
1 Death Knight
1 Unholy Aura
» actions
| Basic commands | 21 | |
| Build / train | 39 | |
| Enter build submenu | 19 | |
| Enter hero's abilities submenu | 4 | |
| Remove unit from queue | 1 | |
| Right click | 528 | |
| Select / deselect | 322 | |
| Use ability | 55 | |
989 total
» units
» upgrades
| Strength of the Moon | 1 | |
| Strength of the Wild | 2 | |
| Corrosive Breath | 1 | |
| Creature Attack | 2 | |
6 total
» buildings
| Altar of Elders | 1 | |
| Moon Well | 6 | |
| Hunter's Hall | 1 | |
| Ancient of War | 2 | |
| Ancient of Wonders | 1 | |
| Tree of Ages | 1 | |
| Tree of Eternity | 1 | |
| Ancient of Wind | 1 | |
| Nerubian Tower | 1 | |
| Chimaera Roost | 3 | |
| Ziggurat | 1 | |
| Ancient Protector | 2 | |
21 total
» build order
00:16 Altar of Elders
00:18 Moon Well
01:26 Hunter's Hall
01:45 Ancient of War
02:05 Ancient of War
02:15 Moon Well
02:31 Ancient of Wonders
02:45 Moon Well
05:23 Moon Well
06:08 Tree of Ages
08:33 Tree of Eternity
08:34 Ancient of Wind
09:15 Nerubian Tower
10:56 Chimaera Roost
10:57 Chimaera Roost
10:58 Chimaera Roost
13:36 Moon Well
13:40 Moon Well
17:10 Ziggurat
18:37 Ancient Protector
18:39 Ancient Protector
» items
| Scroll of Town Portal | 2 | |
| Potion of Healing | 2 | |
| Potion of Mana | 1 | |
5 total
the9thwraith (
blue | 30 APM | 821 actions | 27:04)
3 Priestess of the Moon
2 Trueshot Aura
1 Searing Arrows
» actions
| Assign group hotkey | 24 | |
| Build / train | 67 | |
| ESC pressed | 1 | |
| Enter build submenu | 17 | |
| Enter hero's abilities submenu | 4 | |
| Remove unit from queue | 4 | |
| Right click | 388 | |
| Select / deselect | 195 | |
| Select group hotkey | 90 | |
| Use ability | 31 | |
821 total
» units
| Wisp | 15 | |
| Archer | 11 | |
| Huntress | 13 | |
| Dryad | 7 | |
| Druid of the Claw | 1 | |
47 total
» upgrades
| Ultravision | 1 | |
| Strength of the Wild | 2 | |
| Reinforced Hides | 1 | |
| Strength of the Moon | 1 | |
| Abolish Magic | 1 | |
| Upgrade Moon Glaive | 0 | |
| Druid of the Claw Training | 2 | |
| Mark of the Claw | 1 | |
9 total
» buildings
| Altar of Elders | 1 | |
| Moon Well | 6 | |
| Ancient of War | 1 | |
| Hunter's Hall | 1 | |
| Tree of Ages | 1 | |
| Tree of Eternity | 1 | |
| Ancient of Lore | 2 | |
| Spirit Tower | 1 | |
| Ancient of Wind | 1 | |
| Ancient of Wonders | 1 | |
| Tree of Life | 2 | |
18 total
» build order
00:06 Altar of Elders
00:18 Moon Well
00:56 Ancient of War
01:44 Moon Well
02:19 Hunter's Hall
03:08 Moon Well
03:55 Tree of Ages
05:06 Moon Well
07:17 Moon Well
08:37 Tree of Eternity
08:45 Ancient of Lore
09:07 Spirit Tower
12:46 Ancient of Wind
12:52 Ancient of Wonders
12:58 Moon Well
13:33 Ancient of Lore
18:55 Tree of Life
21:35 Tree of Life
Chat log
(00:08 / Allies) DilmaCanhao: tks
(00:18 / Allies) georgetakei: np
(00:25 / Allies) Liko: ty
(00:28 / Allies) Liko: dk fiend
(00:31 / Allies) georgetakei: np
(00:32 / Allies) DilmaCanhao: creep fast
(00:35 / Allies) georgetakei: wes
(00:41 / Allies) WesFSTGDB: yo
(00:45 / Allies) georgetakei: full feeding u
(00:47 / Allies) WesFSTGDB: k
(00:48 / Allies) Liko: me
(00:52 / Allies) Liko: oh
(00:53 / All) MovieScenes: oh hi
(00:58 / All) georgetakei: o hai
(01:24 / All) georgetakei: larry vable guy movie
(01:25 / All) MovieScenes: get this reace
(01:25 / All) georgetakei: is on lol
(01:27 / All) MovieScenes: every game
(01:30 / All) georgetakei: ud
(01:30 / All) MovieScenes: io random
(01:31 / All) georgetakei: ?
(01:32 / All) MovieScenes: no lie
(01:33 / All) MovieScenes: yes
(01:37 / All) georgetakei: elf 3 games
(01:39 / All) georgetakei: in a row
(01:41 / All) georgetakei: tonight
(01:55 / All) MovieScenes: literally last 30 games i random i put my balls on the table saying i got ud 24 times
(02:03 / All) MovieScenes: at least
(02:05 / All) MovieScenes: its redic
(02:13 / All) georgetakei: id kill
(02:16 / All) georgetakei: for even 25% ud
(02:19 / All) Chaldro: i hear you can pick races now
(02:22 / All) MovieScenes: hell no, boring as shit
(02:23 / All) georgetakei: 10%
(02:24 / All) Liko: lol
(02:30 / All) georgetakei: what kind of nerdsgins\
(02:32 / All) georgetakei: pick race
(02:33 / All) georgetakei: rofl
(02:40 / All) Liko: those who want ud
(02:46 / All) georgetakei: those who suck dick
(02:53 / All) Chaldro: yep thats it
(02:58 / All) Chaldro: im a homosexual so i pick elves
(03:02 / All) MovieScenes: teal feeding wes?
(03:04 / All) georgetakei: fagelf
(03:10 / All) georgetakei: teal feeding everyone
(03:12 / All) MovieScenes: kk
(03:26 / Allies) DilmaCanhao: i know
(03:28 / Allies) DilmaCanhao: going
(03:33 / Allies) DilmaCanhao: tks
(04:08 / All) georgetakei: moron pink
(04:12 / All) MovieScenes: ^
(04:25 / All) Chaldro: man
(04:27 / All) Chaldro: ur micro
(04:28 / All) Chaldro: is too pro
(04:33 / All) georgetakei: i thank god
(05:00 / All) Chaldro: l
(05:00 / All) Chaldro: o
(05:09 / All) georgetakei: what did u do?
(05:10 / All) georgetakei: rofl
(05:13 / All) MovieScenes: k
(05:14 / All) MovieScenes: retard
(05:15 / All) MovieScenes: dont listen
(05:17 / All) MovieScenes: enjoy fw
(05:34 / All) georgetakei: hey pink
(05:40 / All) Chaldro: sup mad kid
(05:41 / All) georgetakei: now ur ud and elf
(05:47 / All) georgetakei: enjoy
(05:58 / All) Chaldro: purp was all mad
(06:02 / All) Chaldro: cause i decided to creep jac
(06:04 / All) Chaldro: in stead of rush
(06:39 / Allies) georgetakei: lolollo
(07:06 / Allies) DilmaCanhao: tp out
(07:09 / Allies) DilmaCanhao: we are blocked
(07:23 / All) georgetakei: look at this tryhard
(07:43 / All) Chaldro: LOL
(08:12 / Allies) georgetakei: ill feed green now
(08:15 / Allies) georgetakei: till u need again ok wes
(08:48 / All) Chaldro: teal why do you get so mad over wc3?
(08:54 / All) georgetakei: im mad?
(08:57 / All) Chaldro: u mad
(09:06 / Allies) WesFSTGDB: tping give me a second
(09:16 / Allies) WesFSTGDB: 10 0go dpelase
(10:15 / Allies) WesFSTGDB: meet
(10:22 / Allies) WesFSTGDB: my dk go dmanit
(10:32 / Allies) WesFSTGDB: GO FIGHT EHAL HIM
(11:02 / Allies) georgetakei: purps dk
(11:03 / Allies) georgetakei: lol
(13:47 / Allies) georgetakei: frost chim
(14:25 / Allies) georgetakei: wes
(15:58 / Allies) georgetakei: why abom/wagon
(15:59 / Allies) georgetakei: green
(15:59 / Allies) georgetakei: lol
(16:22 / Allies) WesFSTGDB: tp there liko
(16:26 / Allies) WesFSTGDB: ok fine
(16:27 / Allies) WesFSTGDB: let it og
(16:31 / Allies) georgetakei: main pink
(16:33 / Allies) georgetakei: ill expo
(17:03 / Allies) WesFSTGDB: god i fuckign hate frost
(17:09 / Allies) georgetakei: ylol
(17:12 / Allies) WesFSTGDB: but i'm forced to mass them =\
(17:54 / Allies) Liko: just protocol
(18:02 / Allies) WesFSTGDB: that was tupid
(18:04 / Allies) WesFSTGDB: to do that green
(18:05 / Allies) georgetakei: selling
(18:05 / Allies) georgetakei: def
(18:06 / Allies) WesFSTGDB: fucking stupid
(18:08 / Allies) georgetakei: buys us time rofl
(18:14 / Allies) WesFSTGDB: meet now
(18:35 / Allies) WesFSTGDB: no
(18:36 / Allies) georgetakei: lewl
(18:37 / Allies) WesFSTGDB: go to the orc base
(19:05 / All) georgetakei: leave nub
(19:21 / Allies) WesFSTGDB: out
(19:22 / Allies) WesFSTGDB: out
(19:44 / Allies) georgetakei: green
(20:26 / Allies) WesFSTGDB: forgot soh man
(20:34 / Allies) georgetakei: ?
(20:40 / Allies) WesFSTGDB: scroll of healing
(20:42 / Allies) georgetakei: sleight of hand?
(20:43 / Allies) georgetakei: xD
(20:53 / Allies) WesFSTGDB: MNEET
(20:54 / Allies) WesFSTGDB: NOW
(20:56 / Allies) WesFSTGDB: CATHC THEM ONT HE RUN
(21:11 / Allies) WesFSTGDB: go
(21:27 / Allies) georgetakei: no mana sham,s\
(22:09 / All) georgetakei: bye
(22:25 / All) Chaldro: good players feed i haer
(22:33 / All) georgetakei: good ones win too
(23:08 / All) the9thwraith: wow u r a dick
(23:19 / All) Liko: why
(23:29 / All) georgetakei: just have that effect on ppl
(23:56 / All) the9thwraith: see im fine... u beat us well. but to sit there gloat like a dick
(24:02 / All) WesFSTGDB: you were there
(24:04 / All) WesFSTGDB: worst player
(24:07 / All) WesFSTGDB: and you stayed
(24:08 / All) WesFSTGDB: classic
(24:23 / All) georgetakei: ^that
(24:37 / All) the9thwraith: so finish the game already
(24:57 / All) georgetakei: why u always
(25:00 / Allies) DilmaCanhao: hunt so suxs
(25:01 / All) georgetakei: rush things
(25:06 / Allies) DilmaCanhao: blizzard should improve them
(25:52 / All) the9thwraith: ummm end it?
(26:00 / Allies) georgetakei: lol?
(26:04 / All) WesFSTGDB: this has happened to me
(26:06 / All) WesFSTGDB: so amny times
(26:10 / All) WesFSTGDB: we know all of the hiding spots
(26:14 / All) the9thwraith: of course
(26:21 / All) georgetakei: why u waste time n00b
(26:25 / All) WesFSTGDB: that was acutally clever though
(26:29 / All) the9thwraith: i dont expect to win... i just want to waste time
(26:32 / All) Liko: we saw him build
(26:35 / All) georgetakei: then ur a loser
(26:36 / All) Liko: ofc it was near
(26:45 / All) the9thwraith: i have nothing better to do than sleep
(26:56 / All) the9thwraith: in fact... im gonna go use bathroom
(27:01 / All) the9thwraith: finish it